 Dungeon Crawl Stone Soup version 0.30-a0-141-g30f27751c5 (webtiles) character file.

Game seed: 15840844590783047352

787 qw the Chopper (level 7, -3/43 HPs)
             Began as a Gargoyle Fighter on Sept 25, 2022.
             Slain by a yak (6 damage)
             ... on level 4 of the Dungeon.
             The game lasted 00:01:04 (3598 turns).

qw the Chopper (Gargoyle Fighter)                   Turns: 3598, Time: 00:01:05

Health: -3/43      AC: 19    Str: 21    XL:     7   Next: 87%
Magic:  7/7        EV: 13    Int:  9    God:
Gold:   164        SH:  4    Dex:  9    Spells: 6/6 levels left

rFire   . . .      SeeInvis .    Y - +0 war axe (vorpal)
rCold   + . .      Faith    .    c - +0 buckler
rNeg    + . .      Spirit   .    q - +0 ice dragon scales
rPois   inf        Reflect  .    (no helmet)
rElec   +          Harm     .    (no cloak)
rCorr   .          Rampage  .    i - +0 pair of gloves
Will    .....                    e - +2 pair of boots
Stlth   ..........               (no amulet)
HPRegen 0.14/turn                k - +4 ring of evasion
MPRegen 0.10/turn                j - ring of fire

@: no status effects
A: sickness immunity, AC +4, negative energy resistance 1, electricity
resistance, torment resistance 1, petrification resistance
a: no special abilities


You were on level 4 of the Dungeon.
You visited 1 branch of the dungeon, and saw 4 of its levels.

You collected 164 gold pieces.


Innate Abilities, Weirdness & Mutations

You are immune to sickness and miasma.
Your stone body is resilient. (AC +4)
You are immune to poison.
You resist negative energy. (rN+)
You are resistant to electric shocks. (rElec)
You are resistant to unholy torment.
You are immune to petrification.


   Skills:
 + Level 4.1 Fighting
 - Level 7.2 Axes
 - Level 3.2 Armour
 - Level 2.1 Dodging
 - Level 3.2 Shields


You had 6 spell levels left.
You didn't know any spells.
Your spell library was empty.

Inventory:

Hand Weapons
 o - a +0 flail of protection
 Y - a +0 vorpal war axe (weapon)
Armour
 c - a +0 buckler (worn)
 e - a +2 pair of boots (worn)
 f - a +0 chain mail
 i - a +0 pair of gloves (worn)
 q - +0 ice dragon scales (worn)
Jewellery
 a - a ring of magical power
 j - a ring of fire (right hand)
 k - a +4 ring of evasion (left hand)
Scrolls
 r - a scroll of identify
Potions
 b - a potion of ambrosia {unknown}
 d - 2 potions of might
 g - a potion of haste {unknown}
 l - 2 potions of curing

Dungeon Overview and Level Annotations

Branches:
Dungeon (4/15)
 Temple: D:4-7

Altars:


Message History

The yak gores you but does no damage.
You hit the yak but do no damage.
The yak is almost dead.
The yak misses you.
You slash the yak!
You kill the yak!
You hit the yak.
The yak is heavily wounded.
The yak closely misses you. The yak gores you!
You slash the yak!
The yak is severely wounded.
The yak gores you!
You slash the yak!
You kill the yak!
Your Axes skill increases to level 7!
You hit the yak.
The yak is lightly wounded.
The yak gores you but does no damage.
You hit the yak.
The yak is lightly wounded.
The yak barely misses you. x2
You barely miss the yak.
The yak is lightly wounded.
The yak gores you.
You slash the yak!
The yak is severely wounded.
You block the yak's attack.
You hit the yak.
The yak is severely wounded.
The yak gores you but does no damage.
You hit the yak but do no damage.
The yak is severely wounded.
The yak barely misses you.
You hit the yak.
The yak is almost dead.
The yak closely misses you.
You hit the yak.
The yak is almost dead.
The yak gores you.
You die...

##############
#.Y@.........#
#.##########.#
#. #.# #Y #.#
#. #.#### Y.
#....# ..
#....# ..
#....# #....#


You could see a yak.

Vanquished Creatures
  Grinder (D:3)
  2 yaks (D:4)
  An ogre (D:4)
  A hound (D:2)
  An orc priest (D:3)
  An orc wizard (D:3)
  4 gnolls (D:4)
  5 adders
  An ufetubus (D:4)
  A worm (D:2)
  3 dart slugs
  6 orcs (D:3)
  2 endoplasms (D:1)
  A giant cockroach (D:2)
  3 hobgoblins
  8 jackals (D:2)
  4 kobolds
  2 quokkas (D:3)
  6 ball pythons
  4 bats
  2 frilled lizards
  3 goblins
  A rat (D:1)
63 creatures vanquished.

Notes
Turn   | Place    | Note
-------+----------+-------------------------------------------
     0 | D:1      | qw the Gargoyle Fighter began the quest for the Orb.
     0 | D:1      | Reached XP level 1. HP: 14/14 MP: 1/1
     0 | D:1      | 0 ||| qw: Version: 0.2-a-10-g399e6c4
     0 | D:1      | 0 ||| qw: Game counter: 201
     0 | D:1      | 0 ||| qw: Always use a shield: true
     0 | D:1      | 0 ||| qw: God list: Okawaru
     0 | D:1      | 0 ||| qw: Allow faded altars: false
     0 | D:1      | 0 ||| qw: Do Orc after D:15 true
     0 | D:1      | 0 ||| qw: Do second Lair branch before Depths: true
     0 | D:1      | 0 ||| qw: Lair rune preference: random
     0 | D:1      | 0 ||| qw: Plans: Normal, Zot:1-4, God:TSO, Crypt, Tomb,
                  | Pan, Slime:5, Hells, Abyss, Orb
     0 | D:1      | 0 ||| PLANNING D:1-11
   205 | D:1      | Reached skill level 2 in Axes
   413 | D:1      | 413 ||| Stepping ~*~*~tactically~*~*~ (hiding).
   418 | D:1      | Reached XP level 2. HP: 19/19 MP: 2/2
   898 | D:1      | Found a faded altar of an unknown god.
  1023 | D:1      | 1023 ||| UPGRADING to +0 chain mail.
  1033 | D:1      | 1033 ||| DROPPING +0 scale mail.
  1034 | D:1      | 1034 ||| UPGRADING to +4 ring of evasion.
  1035 | D:1      | 1035 ||| READING scroll labelled TEYT MUOPRUSKU.
  1036 | D:1      | 1036 ||| READING scroll labelled ZUCKIL KEMEA.
  1037 | D:1      | 1037 ||| READING scroll labelled JITIAX UNTINECH.
  1038 | D:1      | 1038 ||| DRINKING 2 viscous dark potions.
  1039 | D:1      | 1039 ||| DROPPING potion of degeneration.
  1401 | D:2      | 1401 ||| Stepping ~*~*~tactically~*~*~ (stealth).
  1404 | D:2      | Reached skill level 3 in Axes
  1412 | D:2      | Reached XP level 3. HP: 18/23 MP: 3/3
  1667 | D:2      | Reached XP level 4. HP: 28/28 MP: 4/4
  1706 | D:2      | 1706 ||| DROPPING +0 club.
  1753 | D:2      | Reached skill level 4 in Axes
  2106 | D:2      | 2106 ||| UPGRADING to +0 pair of gloves.
  2111 | D:2      | 2111 ||| UPGRADING to +0 ice dragon scales.
  2121 | D:2      | 2121 ||| DROPPING amulet of faith.
  2122 | D:2      | 2122 ||| UPGRADING to ring of fire.
  2123 | D:2      | 2123 ||| READING scroll labelled YTITYL FEIZUKHLA.
  2124 | D:2      | 2124 ||| READING 2 scrolls labelled HIACUS XERHAUPRAM.
  2125 | D:2      | 2125 ||| READING 2 scrolls labelled MILOEN DAJ.
  2126 | D:2      | 2126 ||| READING scroll labelled ITIOGOP KAMPUR.
  2129 | D:2      | 2129 ||| DRINKING 3 silvery potions.
  2130 | D:2      | 2130 ||| DROPPING scroll of summoning.
  2131 | D:2      | 2131 ||| DROPPING scroll of vulnerability.
  2150 | D:3      | 2150 ||| STAIRDANCE
  2191 | D:3      | Noticed Grinder
  2197 | D:3      | Paralysed by Grinder for 5 turns
  2206 | D:3      | HP: 7/28 [Grinder (1)]
  2207 | D:3      | Killed Grinder
  2208 | D:3      | Reached skill level 5 in Axes
  2208 | D:3      | Reached XP level 5. HP: 8/32 MP: 5/5
  2208 | D:3      | Reached XP level 6. HP: 10/37 MP: 6/6
  2494 | D:3      | 2494 ||| Stepping ~*~*~tactically~*~*~ (stealth).
  2577 | D:3      | 2577 ||| DROPPING +0 mace.
  2853 | D:3      | 2853 ||| DROPPING +0 flail.
  3105 | D:3      | 3105 ||| UPGRADING to +2 pair of boots.
  3110 | D:3      | 3110 ||| DROPPING ring of wizardry.
  3111 | D:3      | 3111 ||| READING scroll labelled KADYAS REENINWY.
  3112 | D:3      | 3112 ||| READING scroll labelled TAS RUHOUFYULOLL.
  3113 | D:3      | 3113 ||| DRINKING 2 brown potions.
  3114 | D:3      | 3114 ||| READING 2 scrolls of identify.
  3114 | D:3      | 3114 ||| IDENTIFYING fuming pink potion
  3115 | D:3      | 3115 ||| DROPPING potion of brilliance.
  3176 | D:4      | Reached skill level 6 in Axes
  3259 | D:4      | HP: 8/38 [gnoll/+1 spear of freezing (5)]
  3260 | D:4      | 3260 ||| DRINKING potion of heal wounds.
  3264 | D:4      | Reached XP level 7. HP: 11/43 MP: 7/7
  3265 | D:4      | HP: 6/43 [gnoll/+1 spear of freezing (5)]
  3567 | D:4      | Noticed a yak
  3571 | D:4      | Noticed a yak
  3572 | D:4      | Noticed a yak
  3573 | D:4      | 3573 ||| Stepping ~*~*~tactically~*~*~ (stealth).
  3587 | D:4      | Killed a yak
  3589 | D:4      | HP: 2/43 [yak (12)]
  3590 | D:4      | Killed a yak
  3591 | D:4      | Reached skill level 7 in Axes
  3598 | D:4      | Slain by a yak

Levels and vault maps discovered:
D:1:      giann_horns, layout_loops_ring, basic_ecumenical_altar,
          dreamdust_princess_corridor
D:2:      layout_loops_corners, wad_floor_pattern_untrapped, serial_bayou_pond_b
D:3:      layout_loops_ring, uniq_grinder
D:4:      layout_basic

Skill      XL: |  1  2  3  4  5  6  7 |
---------------+----------------------+-----
Axes           | 2 3 5 6 7 |  7.2
Fighting       | 4 |  4.1
Dodging        | 2 |  2.1
Armour         | |  3.2
Shields        | |  3.2

Action                   |  1- 3 |  4- 6 |  7- 9 || total
-------------------------+-------+-------+-------++-------
Melee: War axe           |    68 |   128 |    29 ||   225
  Use: Scroll            |     3 |     7 |       ||    10
       Potion            |     1 |     3 |       ||     4
Armor: Scale mail        |     6 |       |       ||     6
       Chain mail        |    26 |    13 |       ||    39
       Ice dragon scales |       |    50 |     7 ||    57
Dodge: Dodged            |    41 |    83 |    13 ||   137
Block: Buckler           |    15 |    23 |     3 ||    41

Table legend:
 A = Non-vault XP
 B = Vault XP
 C = Vault XP percentage of total XP
 D = Non-vault monster count
 E = Vault monster count
 F = Vault count percentage of total count
                 A         B        C        D         E       F
            +---------+---------+-------+---------+---------+-------
      Total |     865 |     260 |  23.1 |      60 |       3 |   4.8
            +---------+---------+-------+---------+---------+-------
        D:1 |      20 |       0 |   0.0 |       9 |       0 |   0.0
        D:2 |     115 |       2 |   1.7 |      22 |       2 |   8.3
        D:3 |     126 |     258 |  67.2 |      18 |       1 |   5.3
        D:4 |     604 |       0 |   0.0 |      11 |       0 |   0.0
            +---------+---------+-------+---------+---------+-------
